 Dungeon Crawl Stone Soup version 0.26-a0-259-g1effd001a9 (webtiles) character file.

Game seed: 4519307579542707944

55994 drasked the Ruinous (level 14, -1/78 HPs)
             Began as a Deep Elf Conjurer on July 14, 2020.
             Was a High Priest of Vehumet.
             Killed from afar by Jorgrun (56 damage)
             ... with an iron shot
             ... on level 1 of the Orcish Mines.
             The game lasted 01:54:44 (30622 turns).

drasked the Ruinous (Deep Elf Conjurer)            Turns: 30622, Time: 01:54:45

Health: -1/78      AC:  8    Str:  1    XL:     14   Next: 40%
Magic:  10/37      EV: 20    Int: 29    God:    Vehumet [*****.]
Gold:   1046       SH:  5    Dex: 18    Spells: 2/29 levels left

rFire    + . .     SeeInvis .   s - +9 flail of Noplieqi {freeze, rElec rPois Str-3 Dex+5}
rCold    . . .     Faith    .   (no shield)
rNeg     . . .     Spirit   .   o - +1 robe {MR+} {MR+}
rPois    +         Reflect  +   b - +0 helmet
rElec    +         Harm     .   M - +0 cloak
rCorr    .                      r - +0 pair of gloves
MR       ++...                  c - +1 pair of boots {Fly}
Stlth    ++........             y - amulet of reflection
HPRegen  0.23/turn              F - ring of protection from fire {rF+, !d}
MPRegen  0.25/turn              H - ring of magical power {MP+9MP+9}

@: flying
A: no striking features
a: Renounce Religion, Stop Flying


You were on level 1 of the Orcish Mines.
You worshipped Vehumet.
Vehumet was extremely pleased with you.
You were not hungry.

You visited 4 branches of the dungeon, and saw 22 of its levels.
You also visited: Sewer.

You collected 1798 gold pieces.
You spent 752 gold pieces at shops.

Inventory:

Hand Weapons
 s - the +9 flail of Noplieqi (weapon) {freeze, rElec rPois Str-3 Dex+5}
   (You found it on level 11 of the Dungeon)

   It has been specially enchanted to freeze those struck by it, causing extra
   injury to most foes and up to half again as much damage against particularly
   susceptible opponents.
   It can also slow down cold-blooded creatures.
   It affects your strength (-3).
   It affects your dexterity (+5).
   It insulates you from electricity.
   It protects you from poison.
 U - the +1 broad axe "Worewil" {vorpal, rN++ Str+3}
   (You found it on level 2 of the Lair of Beasts)

   It inflicts extra damage upon your enemies.
   It affects your strength (+3).
   It greatly protects you from negative energy.
Armour
 b - a +0 helmet (worn)
   (You found it on level 2 of the Dungeon)
 c - a +1 pair of boots of flying (worn)
   (You found it on level 1 of the Dungeon)
 i - a +0 buckler
   (You took it off a spriggan on level 6 of the Lair of Beasts)
 o - a +1 robe of magic resistance (worn) {MR+}
   (You bought it in a shop on level 12 of the Dungeon)
 r - a +0 pair of gloves (worn)
   (You found it on level 4 of the Dungeon)
 M - a +0 cloak (worn)
   (You found it on level 11 of the Dungeon)
Magical Staves
 I - an uncursed staff of energy {@w1+MP, hungerless spells, !d!a+MP, hungerless spells, !d!a}
   (You found it on level 9 of the Dungeon)
Jewellery
 p - the amulet "Yniu" {Spirit rC- Str+10 Dex-3 Stlth+}
   (You found it on level 6 of the Lair of Beasts)

   [amulet of guardian spirit]

   It causes incoming damage to be split between your health and magic.
   It affects your strength (+10).
   It affects your dexterity (-3).
   It makes you vulnerable to cold.
   It makes you more stealthy.
 y - an amulet of reflection (around neck)
   (You found it on level 4 of the Lair of Beasts)
 C - an uncursed ring of resist corrosion
   (You took it off an orc on level 6 of the Dungeon)
 F - a ring of protection from fire (left hand) {rF+, !d}
   (You found it on level 1 of the Dungeon)
 H - a ring of magical power (right hand) {MP+9MP+9}
   (You bought it in a shop on level 10 of the Dungeon)
 N - an uncursed ring of positive energy {rN+rN+}
   (You found it on level 4 of the Lair of Beasts)
 P - an uncursed ring of poison resistance {rPois, !d}
   (You bought it in a shop on level 10 of the Dungeon)
 S - an uncursed ring of see invisible {sInv, !d}
   (You found it on level 9 of the Dungeon)
Wands
 k - a wand of enslavement (8)
   (You found it on level 6 of the Lair of Beasts)
 z - a wand of acid (10)
   (You found it on level 7 of the Dungeon)
 D - a wand of digging (7)
   (You found it on level 8 of the Dungeon)
 E - a wand of clouds (4)
   (You found it on level 4 of the Lair of Beasts)
 K - a wand of disintegration (7)
   (You found it on level 1 of the Lair of Beasts)
 L - a wand of iceblast (24)
   (You found it on level 10 of the Dungeon)
Scrolls
 f - 2 scrolls of fog
 j - 7 scrolls of enchant weapon
 t - 9 scrolls of teleportation
 w - 5 scrolls of remove curse
 x - 5 scrolls of magic mapping {!r!r}
 B - a scroll of blinking {!r!r}
Potions
 d - 5 potions of might
 g - 4 potions of lignification {!q!q}
 h - 4 potions of haste
 l - 3 potions of heal wounds
 n - a potion of resistance
 q - 12 potions of curing
 u - 3 potions of stabbing
 v - 2 potions of flight
 J - a potion of ambrosia
 O - 2 potions of brilliance
 Q - 2 potions of magic
 R - 2 potions of cancellation
Miscellaneous
 m - 2 phantom mirrors
 T - a phial of floods
   (You found it on level 4 of the Lair of Beasts)
 V - a lightning rod (4/4)
   (You found it on level 6 of the Lair of Beasts)
Comestibles
 e - 53 rations


   Skills:
 + Level 5.3 Fighting
 + Level 10.2 Dodging
 - Level 2.4 Stealth
 + Level 1.3 Shields
 - Level 8.0 Spellcasting
 + Level 21.1 Conjurations
 - Level 5.0 Charms
 - Level 5.0 Ice Magic
 - Level 5.0 Air Magic
 - Level 2.0 Poison Magic


You had 2 spell levels left.
You knew the following spells:

 Your Spells              Type           Power        Failure   Level
a - Magic Dart            Conj           ####         0%          1
b - Searing Ray           Conj           ######       0%          2
c - Dazzling Flash        Conj/Hex       ######       1%          3
d - Freezing Cloud        Conj/Ice/Air   ######....   2%          6
e - Stone Arrow           Conj/Erth      ######       1%          3
f - Orb of Destruction    Conj           #######...   1%          7
s - Swiftness             Chrm/Air       #####...     1%          2
x - Mephitic Cloud        Conj/Pois/Air  ######..     1%          3

Your spell library contained the following spells:

 Spells                   Type           Power        Failure   Level
 Irradiate                Conj/Tmut      ######....   1%          5
 Shock                    Conj/Air       ####         0%          1
 Sandblast                Erth           ##....       1%          1
 Poisonous Vapours        Pois/Air       ####..       1%          2
 Ensorcelled Hibernation  Hex/Ice        ####..       2%          2
 Shroud of Golubria       Chrm/Tloc      ####..       2%          2
 Sting                    Tmut/Pois      ###.         3%          1
 Corona                   Hex            ##.....      4%          1
 Passwall                 Tmut/Erth      ##......     7%          2
 Conjure Flame            Conj/Fire      ######..     1%          3
 Static Discharge         Conj/Air       ######..     1%          3
 Airstrike                Air            #####.....   1%          4
 Fulminant Prism          Conj/Hex       ######....   1%          4
 Iskenderun's Mystic Bla  Conj/Tloc      ######..     1%          4
 Iskenderun's Battlesphe  Conj/Chrm      ######..     1%          5
 Lightning Bolt           Conj/Air       ######....   1%          5
 Ignite Poison            Fire/Tmut/Pois ###.....     3%          3
 Spectral Weapon          Hex/Chrm       ####....     4%          3
 Olgreb's Toxic Radiance  Pois           ###.....     5%          4
 Confusing Touch          Hex            ##......     14%         3
 Gell's Gravitas          Tloc           ##........   14%         3
 Recall                   Summ/Tloc      N/A          14%         3
 Tukima's Dance           Hex            ##......     14%         3
 Lee's Rapid Deconstruct  Erth           ##........   30%         5
 Yara's Violent Unravell  Hex/Tmut       ##........   30%         5
 Animate Dead             Necr           ##........   41%         4
 Petrify                  Tmut/Erth      ##......     41%         4
 Metabolic Englaciation   Hex/Ice        ####......   41%         5
 Borgnjor's Vile Clutch   Necr/Erth      ##........   77%         5
 Simulacrum               Ice/Necr       ####......   94%         6
 Death Channel            Necr           ##........   100%        6
 Ring of Flames           Chrm/Fire      ####......   100%        7


Dungeon Overview and Level Annotations

Branches:
Dungeon (13/15)            Temple (1/1) D:4            Lair (6/6) D:8
  Swamp (0/4) Lair:2       Spider (0/4) Lair:2        Slime (0/5) Lair:6
    Orc (2/2) D:9           Sewer (visited)
    Elf: Orc:2       Vaults: D:13-14

Altars:
Ashenzari
Cheibriados
Dithmenos
Elyvilon
Fedhas
Gozag
Hepliaklqana
Kikubaaqudgha
Makhleb
Nemelex Xobeh
Okawaru
Qazlal
Ru
Sif Muna
Trog
Uskayaw
Vehumet
Wu Jian
Xom
Yredelemnul
Zin
The Shining One
Jiyva
Lugonu

Shops:
D:6 !:((%   D:7 %   D:10 =   D:12 [

Annotations:
D:2 2 transporters
Lair:4 2 transporters, Giarr's ghost, journeyman DDGl
Lair:6 3 runed translucent doors, Reniomp's ghost, journeyman DDFi
Orc:1 Jorgrun


Message History

The orc shouts!
You hear a shout!
Aim: an orc warrior, wielding a +0 long sword and wearing a +0 chain mail (moderately wounded)
* * * LOW MAGIC WARNING * * *
The orc is engulfed in freezing vapours.
The orc warrior is engulfed in freezing vapours.
The orc is engulfed in freezing vapours.
You kill the orc!
You feel your power returning.
You feel a bit more experienced.
Aim: an orc warrior, wielding a +0 long sword and wearing a +0 chain mail (freezing vapour, severely wounded)
The stone arrow hits the orc warrior!
You kill the orc warrior!
You feel your power returning.
* * * LOW MAGIC WARNING * * *
You start resting.
You hear a grinding noise.
There is a stone staircase leading up here.
Okay, then.
Jorgrun points at you and mumbles some strange words.
You resist with almost no effort.
You fly upwards.
There is a stone staircase leading down here.
There is a stone staircase leading down here.
You start resting.
You start resting.
You eat one of the 54 rations.
That ration really hit the spot!
You fly downwards.
Level annotation: Jorgrun An ogre comes into view.
It is wielding a +0 giant club.
The ogre shouts!
The orc warrior shouts!
The warg howls!
Jorgrun hits you but does no damage. Jorgrun misses you.
There is a stone staircase leading up here.
The warg closely misses you.
You fly upwards.
There is a stone staircase leading down here.
Okay, then.
Okay, then.
Unknown command.
Unknown command.
Unknown command.
Okay, then.
Unknown command.
Unknown command.
Okay, then.
The ball explodes into a vile cloud!
The stinking cloud engulfs the warg but does no damage.
The stinking cloud engulfs Jorgrun but does no damage.
The stinking cloud engulfs you but does no damage.
Jorgrun is engulfed in noxious fumes.
Jorgrun appears confused.
Jorgrun drinks a potion.
Jorgrun is healed!
Jorgrun seems less confused.
The warg completely misses you. The warg bites you.
Jorgrun is engulfed in noxious fumes.
Jorgrun appears confused.
You block the warg's attack.
Aim: a warg The stone arrow hits the warg!!
The warg bites you!
Jorgrun is engulfed in noxious fumes.
Aim: a warg (heavily wounded)
The stone arrow hits the warg!
The warg bites you! The warg closely misses you.
Aim: a warg (almost dead)
The stone arrow misses the warg.
The warg barely misses you.
Aim: a warg (almost dead)
The stone arrow hits the warg!!
You kill the warg!
You feel your power returning.
Jorgrun seems less confused.
That beam is likely to hit you.
Continue anyway?
Okay, then.
Unknown command.
Unknown command.
Unknown command.
Unknown command.
The ball explodes into a vile cloud!
The stinking cloud engulfs Jorgrun but does no damage.
Jorgrun is engulfed in noxious fumes.
Jorgrun points at you and mumbles some strange words.
You resist with almost no effort.
Jorgrun is engulfed in noxious fumes.
Jorgrun appears confused.
Okay, then.
Aim: Jorgrun, wielding a +0 vorpal quarterstaff and wearing a +2 robe of resistance (noxious fumes, lightly wounded, confused)
The stone arrow hits Jorgrun.
Jorgrun is engulfed in noxious fumes.
Aim: Jorgrun, wielding a +0 vorpal quarterstaff and wearing a +2 robe of resistance (noxious fumes, lightly wounded, confused)
The stone arrow misses Jorgrun.
Jorgrun is engulfed in noxious fumes.
Aim: Jorgrun, wielding a +0 vorpal quarterstaff and wearing a +2 robe of resistance (lightly wounded, confused)
The stone arrow misses Jorgrun.
Aim: Jorgrun, wielding a +0 vorpal quarterstaff and wearing a +2 robe of resistance (lightly wounded, confused)
The stone arrow hits Jorgrun!
* * * LOW MAGIC WARNING * * *
Jorgrun seems less confused.
Jorgrun gestures at you while chanting. You resist with almost no effort.
Jorgrun casts a spell at the rock wall.
Some rock shatters into small pieces.
Aim: Jorgrun, wielding a +0 vorpal quarterstaff and wearing a +2 robe of resistance (lightly wounded)
Okay, then.
The ball explodes into a vile cloud!
The stinking cloud engulfs Jorgrun but does no damage.
* * * LOW MAGIC WARNING * * *
Jorgrun is engulfed in noxious fumes.
Jorgrun points at you and mumbles some strange words.
The iron shot hits you!!!
Ouch! That really hurt!
You die...

..### ##....## ....## ###
####......# .....#
##.###.###.....## #.#..##
##...#....#.#....##
###...######.#..##...........#
# ##.#......................##
## #########.................#
.# ##.#.##........#.## ##
###.@##.......#.## ##
#....##.........# .#
##.#§g☼.....)..## ##
##.§§§†.>......# #
##☼...[......## ##
#.........[.<# .#
##..........)# ##
#...........# # ###.........##


You could see Jorgrun.

Levels and vault maps discovered:
D:1:      kennysheep_arrival_forest, layout_basic, serial_park_tiny_2
D:2:      layout_basic, gammafunk_temple_overflow_arena, lemuel_crystal_altar,
          uniq_sigmund, uniq_natasha
D:3:      layout_rooms, okawaru_ov_weapons_minmay, first_ration
D:4:      layout_loops_ring, fedhas_bush_and_centaur_altar, temple_pool_b,
          st_stairs_5
D:5:      layout_layer_cave, lemuel_round_altar, elyvilon_altar_3,
          lemuel_zombie_altar_yredelemnul, lemuel_coloured_pillars_altar,
          uniq_menkaure
D:6:      layout_loops_ring, cheibrodos_sewer_entry_bend, serial_shops, shop,
          shop, shop, nicolae_shop_window_shopping, nicolae_shop_crystal
D:7:      layout_loops_ring, overflow_temple_1_default, serial_shops, shop
D:8:      kennysheep_ambush_hall, layout_rooms, nicolae_overflow_hidden_temple,
          grunt_qazlal_sundering, dpeg_lair_monsters
D:9:      layout_cave_pools, nicolae_xom_altar_mimics, lightli_temple_of_fire,
          david_orc_2
D:10:     layout_irregular_city, serial_shops, shop
D:11:     layout_basic
D:12:     layout_irregular_city, serial_shops, shop, uniq_fannar
D:13:     layout_basic, portal_ice_cave_entry_imps
Temple:   corrupted_temple
Lair:1:   layout_regular_city, beast_lair_carwin_10
Lair:2:   layout_concentric_octagons, minmay_swamp_entry_reptiles,
          spider_nest_entry_webs, lemuel_fruit_tree, uniq_sonja
Lair:3:   layout_regular_city, chequers_serial_rivers_small_a,
          beast_lair_carwin_7, grunt_megastairs_3
Lair:4:   layout_loops_ring, gammafunk_ghost_wrathful_warriors,
          serial_bayou_shore_a
Lair:5:   layout_regular_city, gauntlet_entry_generic
Lair:6:   minmay_lair_end_enchanted_forest, layout_gridlike,
          dpeg_slime_entry_enclosed_altar, gammafunk_ghost_hydra_chop,
          kilobyte_rumbling_trees
Orc:1:    layout_caves, special_room [special_room_bee], serial_shops, shop,
          uniq_josephine
Orc:2:    grunt_orc_community_town_hall, layout_diamond_mine,
          grunt_orc_community_big_house_1, grunt_orc_community_big_house_1,
          grunt_orc_community_house_1, grunt_orc_community_house_2,
          grunt_orc_community_house_1, grunt_orc_community_house_2,
          grunt_orc_community_house_1, grunt_orc_community_house_2, uniq_jorgrun

Notes
Turn   | Place    | Note
-------+----------+-------------------------------------------
     0 | D:1      | drasked the Deep Elf Conjurer began the quest for the Orb.
     0 | D:1      | Reached XP level 1. HP: 10/10 MP: 6/6
    28 | D:1      | Identified a ring of protection from fire (You found it on
                  | level 1 of the Dungeon)
    34 | D:1      | Identified a +1 pair of boots of flying (You found it on
                  | level 1 of the Dungeon)
    70 | D:1      | Identified a +0 club
   235 | D:1      | Identified a cursed +0 club
   246 | D:1      | Reached XP level 2. HP: 15/15 MP: 0/8
   442 | D:1      | Reached skill level 5 in Conjurations
   768 | D:1      | Identified a +1 dagger of draining (You found it on level 1
                  | of the Dungeon)
  1075 | D:2      | Reached XP level 3. HP: 19/19 MP: 5/9
  1123 | D:2      | Identified a +0 trident
  1361 | D:2      | Identified a +0 scythe
  1361 | D:2      | Identified a +0 robe
  1361 | D:2      | Noticed Sigmund
  1365 | D:2      | Identified a +0 giant spiked club
  1365 | D:2      | Noticed an ogre
  1367 | D:2      | Killed Sigmund
  1367 | D:2      | Reached skill level 7 in Conjurations
  1367 | D:2      | Reached XP level 4. HP: 24/24 MP: 3/10
  1367 | D:2      | Reached XP level 5. HP: 28/28 MP: 3/11
  1381 | D:2      | Killed an ogre
  1381 | D:2      | Reached skill level 8 in Conjurations
  1381 | D:2      | Reached XP level 6. HP: 32/32 MP: 0/12
  1557 | D:2      | Identified a +0 dagger
  1583 | D:2      | Found a transporter.
  1586 | D:2      | Identified a +0 spear
  1589 | D:2      | Found a transporter.
  2111 | D:2      | Identified a +3 glaive of protection
  2112 | D:2      | Found a snail-covered altar of Cheibriados.
  2275 | D:2      | Noticed Natasha
  2279 | D:2      | Killed Natasha
  2370 | D:2      | Found an ornate altar of the Wu Jian Council.
  2590 | D:2      | Noticed Natasha
  2596 | D:2      | Killed Natasha
  2761 | D:2      | Noticed Natasha
  2769 | D:2      | Killed Natasha
  2981 | D:3      | Identified a cursed +0 whip
  2981 | D:3      | Identified a +0 chain mail
  2981 | D:3      | Identified a +0 club
  3162 | D:3      | Reached skill level 9 in Conjurations
  3407 | D:3      | Found an iron altar of Okawaru.
  3543 | D:4      | Found a staircase to the Ecumenical Temple.
  3598 | Temple   | Entered the Ecumenical Temple
  3644 | Temple   | Became a worshipper of Vehumet
  3669 | D:4      | Identified a +0 whip
  3669 | D:4      | Identified a +2 scale mail of fire resistance
  3672 | D:4      | Identified a +0 dagger
  3672 | D:4      | Identified a +0 robe
  3676 | D:4      | Identified a +0 trident
  3677 | D:4      | Reached XP level 7. HP: 36/36 MP: 5/13
  3686 | D:4      | Identified a +0 dagger
  3686 | D:4      | Identified a +0 robe
  3689 | D:4      | Learned a level 2 spell: Searing Ray
  3691 | D:4      | Identified a +0 flail
  3691 | D:4      | Identified a +0 scale mail
  3698 | D:4      | Learned a level 3 spell: Dazzling Flash
  4252 | D:4      | Identified a +0 spear
  4252 | D:4      | Identified a +0 shortbow
  4262 | D:4      | Reached skill level 10 in Conjurations
  4400 | D:4      | Found a blossoming altar of Fedhas.
  4683 | D:5      | Entered Level 5 of the Dungeon
  4683 | D:5      | Identified a +0 shortbow
  4844 | D:5      | Reached XP level 8. HP: 41/41 MP: 8/14
  4920 | D:5      | Reached skill level 11 in Conjurations
  5389 | D:5      | Found a shimmering blue altar of Sif Muna.
  5549 | D:5      | Found a white marble altar of Elyvilon.
  5596 | D:5      | Found a glowing golden altar of the Shining One.
  5902 | D:5      | Noticed Menkaure
  5907 | D:5      | Killed Menkaure
  5907 | D:5      | Reached skill level 12 in Conjurations
  6124 | D:5      | Found a basalt altar of Yredelemnul.
  6185 | D:6      | Identified 3 scrolls of magic mapping
  6327 | D:6      | Found a glowing drain.
  6342 | Sewer    | Entered a sewer
  6399 | Sewer    | Identified a +0 helmet (You found it on level 2 of the
                  | Dungeon)
  6404 | Sewer    | Identified a +0 pair of gloves (You found it on level 4 of
                  | the Dungeon)
  6404 | Sewer    | Identified 6 scrolls of identify
  6404 | Sewer    | Identified 3 potions of curing
  6405 | Sewer    | Identified 3 scrolls of remove curse
  6406 | Sewer    | Identified 2 scrolls of teleportation
  6436 | Sewer    | Identified a +0 club
  6437 | Sewer    | Identified a +0 dagger
  6437 | Sewer    | Identified a +0 dagger
  6437 | Sewer    | Identified a +0 dagger
  6437 | Sewer    | Identified a +0 club
  6470 | Sewer    | Identified a +0 dagger
  6607 | Sewer    | Reached * piety under Vehumet
  6607 | Sewer    | Offered knowledge of Shock by Vehumet.
  7014 | Sewer    | Identified a +0 whip
  7071 | Sewer    | Identified a +0 dagger
  7071 | Sewer    | Identified a +0 short sword
  7071 | Sewer    | Identified a +0 dagger of electrocution
  7352 | Sewer    | Learned a level 3 spell: Mephitic Cloud
  7360 | Sewer    | Offered knowledge of Freeze by Vehumet.
  7362 | Sewer    | Reached ** piety under Vehumet
  7634 | D:6      | Identified a +2 vampiric hand axe
  7634 | D:6      | Identified an uncursed ring of resist corrosion
  7700 | D:6      | Found Qemm's Food Boutique.
  7748 | D:6      | Found Bixiomos's Weapon Emporium.
  7796 | D:6      | Found Ymuus's Antique Weapon Emporium.
  7869 | D:6      | Reached skill level 1 in Air Magic
  7869 | D:6      | Reached skill level 1 in Poison Magic
  7941 | D:6      | Reached XP level 9. HP: 44/45 MP: 6/15
  8016 | D:6      | Found Zyfiogg's Distillery.
  8016 | D:6      | Found Bociapi's Book Emporium.
  8072 | D:6      | Bought a potion of heal wounds for 75 gold pieces
  8072 | D:6      | Bought a potion of degeneration for 15 gold pieces
  8072 | D:6      | Bought a potion of brilliance for 60 gold pieces
  8072 | D:6      | Identified 4 potions of might
  8073 | D:6      | Identified 2 potions of stabbing
  8074 | D:6      | Identified a potion of flight
  8075 | D:6      | Identified a potion of resistance
  8076 | D:6      | Identified a potion of mutation
  8077 | D:6      | Identified a potion of lignification
  8082 | D:6      | Identified a ring of stealth (You found it on level 6 of
                  | the Dungeon)
  8087 | D:6      | Identified 3 scrolls of enchant weapon
  8156 | D:6      | Identified a +0 war axe
  8156 | D:6      | Identified a +0 club
  8158 | D:6      | Identified a +0 ring mail
  8211 | D:6      | Reached skill level 13 in Conjurations
  8421 | D:6      | Identified the +4 hand axe of Tumult {freeze, rC- Int+5}
  8421 | D:6      | Identified a +0 shortbow
  8424 | D:6      | Reached skill level 2 in Air Magic
  8424 | D:6      | Reached skill level 2 in Poison Magic
  8964 | D:7      | Identified a +0 spear
  8965 | D:7      | Identified a +0 spear
  8975 | D:7      | Identified a +0 flail
  9042 | D:7      | Identified a +0 shortbow
  9047 | D:7      | Identified a +0 hand axe
  9048 | D:7      | Identified a +0 short sword
  9050 | D:7      | Identified a +0 short sword
  9050 | D:7      | Identified a +0 leather armour
  9051 | D:7      | Offered knowledge of Frozen Ramparts by Vehumet.
  9056 | D:7      | Identified Sif Muna's Volume of Self-Improvement and Cold
  9059 | D:7      | Identified a ring of wizardry (You found it on level 7 of
                  | the Dungeon)
  9195 | D:7      | Found Caozxolem's Food Emporium.
  9376 | D:7      | Identified a +0 club
  9376 | D:7      | Identified a +0 shortbow
  9376 | D:7      | Identified a +0 robe
  9464 | D:7      | Found a glowing silver altar of Zin.
  9525 | D:7      | Identified a cursed -1 giant spiked club
  9711 | D:7      | Identified 2 scrolls of random uselessness
  9742 | D:8      | Noticed a white ugly thing
  9765 | D:7      | Killed a white ugly thing
  9765 | D:7      | Reached *** piety under Vehumet
  9765 | D:7      | Reached skill level 14 in Conjurations
 10067 | D:8      | Found a sacrificial altar of Ru.
 10105 | D:8      | Found a staircase to the Lair.
 10105 | D:8      | Noticed a death yak
 10241 | D:8      | Reached skill level 1 in Fighting
 10290 | D:8      | Identified a +0 whip
 10299 | D:8      | Identified a +0 whip
 10479 | D:8      | Identified a cursed -3 giant club
 10490 | D:8      | Identified a +0 club
 10491 | D:8      | Identified a +0 giant club
 10491 | D:8      | Identified a +0 flail
 10491 | D:8      | Identified a +0 robe
 10491 | D:8      | Identified a +0 whip
 10491 | D:8      | Identified a +0 club
 10491 | D:8      | Identified a +0 whip
 10491 | D:8      | Identified a +0 club
 10511 | D:7      | Reached skill level 4 in Spellcasting
 10644 | D:8      | Identified a +0 club
 10645 | D:8      | Offered knowledge of Ignite Poison by Vehumet.
 10647 | D:8      | Identified a +0 hand crossbow
 10688 | D:8      | Reached skill level 2 in Fighting
 10698 | D:8      | Reached XP level 10. HP: 49/53 MP: 7/19
 10927 | D:8      | Learned a level 6 spell: Freezing Cloud
 11096 | D:8      | Found a stormy altar of Qazlal.
 11265 | D:8      | Noticed a death yak
 11271 | D:8      | Noticed a death yak
 11320 | D:8      | Killed a death yak
 11320 | D:8      | Reached skill level 5 in Spellcasting
 11320 | D:8      | Reached skill level 1 in Ice Magic
 11383 | D:8      | Reached skill level 2 in Ice Magic
 11434 | D:8      | Killed a death yak
 11434 | D:8      | Reached skill level 3 in Fighting
 11434 | D:8      | Reached skill level 15 in Conjurations
 11434 | D:8      | Reached skill level 3 in Ice Magic
 11620 | D:8      | Identified a +0 short sword
 11690 | D:8      | Killed a death yak
 11690 | D:8      | Reached skill level 4 in Fighting
 11690 | D:8      | Reached skill level 4 in Ice Magic
 11753 | D:8      | Identified 2 scrolls of blinking
 11766 | D:9      | Found a staircase to the Orcish Mines.
 11766 | D:9      | Identified a cursed -2 hand axe
 11766 | D:9      | Identified a +0 leather armour
 11766 | D:9      | Identified a +0 dagger
 11766 | D:9      | Identified a +0 dagger
 11766 | D:9      | Identified a +0 ring mail
 11766 | D:9      | Identified a +0 club
 11766 | D:9      | Identified a +0 long sword
 11766 | D:9      | Identified a +0 chain mail
 11766 | D:9      | Identified a cursed +0 dagger
 11789 | D:9      | Reached **** piety under Vehumet
 12013 | D:9      | Found a shimmering altar of Xom.
 12013 | D:9      | Found a shimmering altar of Xom.
 12015 | D:9      | Found a shimmering altar of Xom.
 12015 | D:9      | Found a shimmering altar of Xom.
 12020 | D:9      | Learned a level 3 spell: Stone Arrow
 12024 | D:9      | Found a shimmering altar of Xom.
 12024 | D:9      | Found a shimmering altar of Xom.
 12033 | D:9      | Identified a +0 dire flail
 12033 | D:9      | Identified a +0 giant spiked club
 12033 | D:9      | Noticed a two-headed ogre
 12121 | D:9      | Killed a two-headed ogre
 12468 | D:9      | HP: 9/58 [killer bee (9)]
 12468 | D:9      | HP: 2/58 [killer bee (7)]
 12480 | D:9      | Reached skill level 5 in Ice Magic
 12577 | D:9      | Identified a +0 dagger
 12601 | D:9      | Identified a +0 short sword
 12749 | D:9      | Found a shimmering altar of Xom.
 12818 | D:9      | Found a bloodstained altar of Trog.
 12897 | D:9      | Identified a ring of see invisible (You found it on level 9
                  | of the Dungeon)
 12917 | D:10     | Entered Level 10 of the Dungeon
 12924 | D:9      | Offered knowledge of Olgreb's Toxic Radiance by Vehumet.
 12956 | D:9      | Identified a potion of ambrosia
 12974 | D:10     | Identified a +0 giant spiked club
 12995 | D:9      | HP: 8/58 [yak (17)]
 13000 | D:9      | Reached XP level 11. HP: 10/62 MP: 11/21
 13324 | D:10     | Identified a +0 short sword
 13330 | D:10     | Reached skill level 6 in Spellcasting
 13500 | D:10     | Reached skill level 3 in Dodging
 13610 | D:10     | Found Adif's Jewellery Boutique.
 13618 | D:10     | Bought an uncursed ring of magical power for 240 gold
                  | pieces
 13618 | D:10     | Bought an uncursed ring of poison resistance for 240 gold
                  | pieces
 13701 | D:10     | Identified a +0 giant spiked club
 13701 | D:10     | Identified a +0 shortbow
 13706 | D:10     | Identified a +0 shortbow
 13722 | D:10     | Reached skill level 5 in Fighting
 13738 | D:10     | Reached skill level 4 in Dodging
 13739 | D:10     | Reached skill level 7 in Spellcasting
 14071 | D:10     | Reached skill level 5 in Dodging
 14575 | D:11     | Identified a +0 club
 14575 | D:11     | Identified a +0 ring mail
 14634 | D:11     | HP: 15/63 [something (3)]
 14641 | D:11     | Noticed an unseen horror
 14642 | D:11     | Killed an unseen horror
 14642 | D:11     | Reached skill level 16 in Conjurations
 15016 | D:11     | Reached skill level 6 in Dodging
 15098 | D:11     | Identified a +1 vampiric hand axe
 15098 | D:11     | Identified a +0 leather armour
 15099 | D:11     | Identified a +0 hand axe
 15101 | D:11     | Identified a +0 club
 15139 | D:11     | Identified a cursed -2 dagger
 15139 | D:11     | Identified a cursed +0 robe
 15266 | D:11     | Identified a cursed -1 dire flail
 15266 | D:11     | Identified a +0 giant club
 15266 | D:11     | Noticed a two-headed ogre
 15279 | D:11     | Killed a two-headed ogre
 15312 | D:11     | Identified a +0 morningstar
 15334 | D:11     | Reached skill level 3 in Air Magic
 15468 | D:11     | Identified a ring of flight (You found it on level 11 of
                  | the Dungeon)
 15553 | D:11     | Noticed a brown ugly thing
 15560 | D:11     | Killed a brown ugly thing
 15975 | D:11     | Identified a +0 cloak (You found it on level 11 of the
                  | Dungeon)
 15975 | D:11     | Identified 2 scrolls of noise
 15980 | D:11     | Identified a scroll of holy word
 15981 | D:11     | Identified a scroll of fear
 15982 | D:11     | Identified a scroll of fog
 15983 | D:11     | Identified a scroll of summoning
 15984 | D:11     | Identified a scroll of amnesia
 16000 | D:12     | Identified a cursed +2 mace
 16000 | D:12     | Identified a +0 robe
 16000 | D:12     | Identified a cursed +5 great sword
 16000 | D:12     | Identified a +0 robe
 16000 | D:12     | Identified a cursed +2 trident of freezing
 16000 | D:12     | Identified a cursed +0 robe
 16000 | D:12     | Identified a cursed +3 scimitar
 16000 | D:12     | Identified a cursed +0 robe
 16000 | D:12     | Identified a cursed +2 great sword
 16000 | D:12     | Identified a +0 robe of magic resistance
 16059 | D:12     | Noticed a brown ugly thing
 16059 | D:12     | Identified a +0 giant club
 16059 | D:12     | Identified a +0 mace
 16070 | D:11     | HP: 4/63 [gargoyle/stone arrow (19)]
 16369 | D:11     | Learned a level 2 spell: Swiftness
 16402 | D:12     | Reached skill level 7 in Dodging
 16422 | D:12     | Identified a +0 giant spiked club
 16422 | D:12     | Identified a +0 giant club
 16422 | D:12     | Noticed a two-headed ogre
 16434 | D:12     | Killed a two-headed ogre
 16434 | D:12     | Reached skill level 1 in Charms
 16526 | D:12     | Reached skill level 2 in Charms
 16598 | D:12     | Identified a +0 short sword
 16598 | D:12     | Identified a +0 robe
 16603 | D:12     | Identified a +2 spear
 16603 | D:12     | Identified a +0 robe
 16607 | D:12     | Identified a +1 long sword of freezing
 16607 | D:12     | Identified a +0 robe
 16609 | D:12     | Reached skill level 4 in Air Magic
 16610 | D:12     | Identified a +4 mace
 16610 | D:12     | Identified a +0 robe
 16613 | D:12     | Identified a cursed +3 halberd
 16613 | D:12     | Identified a +0 robe
 16774 | D:12     | Killed a brown ugly thing
 16774 | D:12     | Reached skill level 3 in Charms
 16774 | D:12     | Reached XP level 12. HP: 52/68 MP: 13/24
 16869 | D:12     | Identified a +0 quarterstaff of freezing
 16869 | D:12     | Identified a +2 robe of cold resistance
 16869 | D:12     | Identified an uncursed ring of ice
 16869 | D:12     | Noticed Fannar
 16955 | D:12     | Got an ancient ring mail
 16967 | D:12     | Found Asamuril's Antique Armour Shoppe.
 16969 | D:12     | Identified a +0 shortbow
 17012 | D:12     | Bought an embroidered robe for 122 gold pieces
 17022 | D:12     | Identified a +1 robe of magic resistance (You bought it in
                  | a shop on level 12 of the Dungeon)
 17032 | D:12     | Identified the +4 ring mail of Crawling {rN+++} (You found
                  | it on level 12 of the Dungeon)
 17115 | D:12     | Noticed a six-headed hydra
 17144 | D:12     | Killed a six-headed hydra
 17371 | D:12     | Reached skill level 4 in Charms
 17479 | D:12     | Reached ***** piety under Vehumet
 17480 | D:12     | Identified a potion of haste
 17572 | D:12     | Offered knowledge of Spellforged Servitor by Vehumet.
 17575 | D:12     | Reached skill level 8 in Dodging
 17639 | D:12     | Identified a +0 club
 17639 | D:12     | Identified a +0 short sword
 17640 | D:12     | Identified a +0 whip
 17645 | D:12     | Identified a +0 whip
 17699 | D:12     | Identified a +0 morningstar
 17887 | D:12     | Identified a +0 ring mail
 18382 | D:11     | HP: 17/68 [Fannar/refrigeration (28)]
 18389 | D:11     | Killed Fannar
 18389 | D:11     | Reached skill level 5 in Charms
 18389 | D:11     | Reached skill level 5 in Air Magic
 18564 | D:11     | Got a translucent flail
 18703 | Lair:1   | Entered Level 1 of the Lair of Beasts
 19054 | Lair:1   | Reached skill level 9 in Dodging
 19184 | Lair:1   | Reached skill level 17 in Conjurations
 19778 | Lair:1   | Identified a +2 pair of boots (You found it on level 1 of
                  | the Lair of Beasts)
 19790 | Lair:1   | Identified the +9 flail of Noplieqi {freeze, rElec rPois
                  | Str-3 Dex+5} (You found it on level 11 of the Dungeon)
 19798 | Lair:1   | Identified an amulet of faith (You found it on level 12 of
                  | the Dungeon)
 19799 | Lair:1   | Identified a potion of magic
 19993 | Lair:2   | Found a hole to the Spider Nest.
 20053 | Lair:2   | Reached skill level 10 in Dodging
 20068 | Lair:2   | Found a staircase to the Swamp.
 20290 | Lair:2   | Identified a +0 short sword of venom
 20290 | Lair:2   | Noticed Sonja
 20294 | Lair:2   | Killed Sonja
 20481 | Lair:2   | Noticed a seven-headed hydra
 20489 | Lair:2   | Killed a seven-headed hydra
 20688 | Lair:2   | Reached skill level 18 in Conjurations
 20770 | Lair:2   | Got a shimmering broad axe
 20772 | Lair:2   | Identified the cursed +1 broad axe "Worewil" {vorpal, rN++
                  | Str+3} (You found it on level 2 of the Lair of Beasts)
 20776 | Lair:2   | Identified an amulet of regeneration (You found it on level
                  | 2 of the Lair of Beasts)
 21116 | Lair:2   | Identified a scroll of immolation
 21324 | Lair:3   | Reached XP level 13. HP: 72/72 MP: 16/25
 22794 | Lair:4   | Identified a +0 short sword
 22794 | Lair:4   | Identified a +0 robe
 22799 | Lair:4   | Identified a +0 short sword
 22799 | Lair:4   | Identified a +0 robe
 22799 | Lair:4   | Identified a +0 buckler
 22799 | Lair:4   | Identified a +0 short sword
 22799 | Lair:4   | Identified a +0 robe
 22799 | Lair:4   | Identified a +0 rapier
 22799 | Lair:4   | Identified a +0 robe
 22799 | Lair:4   | Identified the cursed +0 trident "Vat Guza" {freeze, rN+
                  | Int+5}
 22799 | Lair:4   | Identified a +1 robe
 22800 | Lair:4   | Noticed Giarr's ghost (journeyman DDGl)
 22801 | Lair:4   | Found a bloodstained altar of Trog.
 22801 | Lair:4   | Identified a +0 rapier
 22801 | Lair:4   | Identified a +0 robe
 22801 | Lair:4   | Identified a +0 dagger
 22801 | Lair:4   | Identified a +0 robe
 22801 | Lair:4   | Identified a +0 buckler
 22807 | Lair:4   | Found a transporter.
 22809 | Lair:4   | Identified the cursed +1 trident of World Downfall
                  | {antimagic, Str+5}
 22809 | Lair:4   | Identified a +2 robe
 22823 | Lair:4   | Found a transporter.
 22981 | Lair:4   | You are sucked into a shaft and drop 1 floor!
 23393 | Lair:4   | Identified an amulet of reflection (You found it on level 4
                  | of the Lair of Beasts)
 23407 | Lair:4   | Identified a ring of positive energy (You found it on level
                  | 4 of the Lair of Beasts)
 23867 | Lair:5   | Reached skill level 19 in Conjurations
 24785 | Lair:5   | Offered knowledge of Orb of Destruction by Vehumet.
 25032 | Lair:5   | Identified a scroll of torment
 25202 | Lair:6   | Entered Level 6 of the Lair of Beasts
 25296 | Lair:6   | Identified a +0 hand axe
 25708 | Lair:6   | Reached skill level 8 in Spellcasting
 25897 | Lair:6   | Found a runed translucent gate.
 25897 | Lair:6   | Found a runed translucent gate.
 25897 | Lair:6   | Found a runed translucent gate.
 25899 | Lair:6   | Noticed Reniomp's ghost (journeyman DDFi)
 25907 | Lair:6   | Reached skill level 20 in Conjurations
 26368 | Lair:6   | Identified a +2 vorpal spear
 26399 | Lair:6   | Identified a +0 spear
 26460 | Lair:6   | Identified a +0 dagger
 26460 | Lair:6   | Identified a +0 robe
 26480 | Lair:6   | Identified a +0 dagger
 26480 | Lair:6   | Identified a +0 robe
 26499 | Lair:6   | Identified a +0 rapier
 26499 | Lair:6   | Identified a +0 robe
 26558 | Lair:6   | Identified a +0 dagger
 26558 | Lair:6   | Identified a cursed +0 robe
 26558 | Lair:6   | Identified a +0 rapier
 26558 | Lair:6   | Identified a +0 robe
 26559 | Lair:6   | Identified a +0 rapier
 26559 | Lair:6   | Identified a +0 robe
 26559 | Lair:6   | Identified a +0 buckler
 26802 | Lair:6   | Identified a +0 rapier
 26802 | Lair:6   | Identified a +0 robe
 26948 | Lair:6   | Reached XP level 14. HP: 78/78 MP: 28/28
 27121 | Lair:6   | Identified a +0 rapier
 27121 | Lair:6   | Identified a +0 robe
 27390 | Lair:6   | Found a viscous altar of Jiyva.
 27390 | Lair:6   | Found a staircase to the Slime Pits.
 28262 | Lair:6   | Identified a +0 dagger
 28262 | Lair:6   | Identified a +0 robe
 28361 | Lair:6   | Identified a +0 spear
 28362 | Lair:6   | Identified a +0 dagger
 28362 | Lair:6   | Identified a cursed +0 robe
 28366 | Lair:6   | Identified a +0 dagger
 28366 | Lair:6   | Identified a +0 robe
 28385 | Lair:6   | Identified a +1 dagger of venom (You took it off a spriggan
                  | on level 6 of the Lair of Beasts)
 28406 | Lair:6   | Reached skill level 21 in Conjurations
 28421 | Lair:6   | Learned a level 7 spell: Orb of Destruction
 28582 | Lair:6   | Got a flickering platinum amulet
 28885 | Lair:6   | Offered knowledge of Irradiate by Vehumet.
 28996 | Lair:6   | Identified the amulet "Yniu" {Spirit rC- Str+10 Dex-3
                  | Stlth+} (You found it on level 6 of the Lair of Beasts)
 28998 | Lair:6   | Identified 2 potions of cancellation
 29186 | Orc:1    | Entered Level 1 of the Orcish Mines
 29186 | Orc:1    | Identified a +0 giant club
 29187 | Orc:1    | Identified a +2 dagger of venom
 29187 | Orc:1    | Identified a +0 robe
 29187 | Orc:1    | Noticed Josephine
 29190 | Orc:1    | Identified a +0 giant club
 29194 | Orc:1    | Killed Josephine
 29480 | Orc:2    | Entered Level 2 of the Orcish Mines
 29480 | Orc:2    | Identified a +0 vorpal quarterstaff
 29480 | Orc:2    | Identified a +2 robe of resistance
 29480 | Orc:2    | Noticed Jorgrun
 29480 | Orc:2    | Identified a +1 dagger of flaming
 29480 | Orc:2    | Identified a +0 robe
 29480 | Orc:2    | Identified a +0 leather armour
 29480 | Orc:2    | Identified a +0 flail
 29480 | Orc:2    | Identified a +0 leather armour
 29480 | Orc:2    | Identified a +2 dire flail of protection
 29480 | Orc:2    | Identified a +0 plate armour
 29481 | Orc:2    | Identified a +0 flail
 29518 | Orc:1    | Identified a +0 club
 29548 | Orc:1    | Identified a +0 dagger
 29548 | Orc:1    | Identified a +0 mace
 29548 | Orc:1    | Identified a +0 plate armour
 29570 | Orc:1    | Reached skill level 1 in Shields
 29676 | Orc:1    | Identified a +0 dagger
 29676 | Orc:1    | Identified a +0 robe
 29696 | Orc:1    | Identified a +0 dagger
 29696 | Orc:1    | Identified a +0 leather armour
 29699 | Orc:1    | Identified a +0 hand axe
 29814 | Orc:1    | Identified a +0 whip
 29814 | Orc:1    | Identified a +0 ring mail
 29851 | Orc:1    | Identified a +0 dire flail
 29851 | Orc:1    | Identified a cursed +0 plate armour
 29858 | Orc:1    | Identified a +0 giant club
 29875 | Orc:1    | Identified a +0 trident
 30273 | Orc:1    | Identified a +0 flail (You took it off an orc on level 1 of
                  | the Orcish Mines)
 30273 | Orc:1    | Identified a cursed +0 robe
 30492 | Orc:2    | Identified a +0 giant club
 30492 | Orc:2    | Identified a cursed +0 glaive
 30492 | Orc:2    | Identified a +0 plate armour
 30492 | Orc:2    | Identified a +2 falchion of draining
 30492 | Orc:2    | Identified a +0 leather armour
 30492 | Orc:2    | Identified a +0 whip
 30496 | Orc:2    | Identified a +2 hand axe of freezing
 30496 | Orc:2    | Identified a +0 long sword
 30496 | Orc:2    | Identified a +0 chain mail
 30502 | Orc:2    | Identified a +1 vampiric trident
 30502 | Orc:2    | Identified a +0 ring mail
 30602 | Orc:2    | Identified a +0 giant club
 30622 | Orc:1    | Killed from afar by Jorgrun

Table legend:
 A = Turns spent in this place as a percentage of turns spent in the entire game.
 B = Non-inter-level travel turns spent in this place as a percentage of non-inter-level travel turns spent in the entire game.
 C = Inter-level travel turns spent in this place as a percentage of turns spent in this place.
 D = Turns resting spent in this place as a percentage of non-inter-level travel turns spent in this place.
 E = Turns spent auto-exploring this place as a percentage of non-inter-level travel turns spent in this place.
 F = Non-inter-level travel turns spent in this place divided by the number of levels of this place that you've seen.
                   A       B       C       D       E      F
               +-------+-------+-------+-------+-------+----------------------
         Total | 100.0 | 100.0 |   3.8 |  48.5 |  36.1 | 1280.4
       Dungeon |  57.6 |  57.3 |   4.4 |  47.1 |  37.4 | 1296.9
        Temple |   0.2 |   0.2 |  17.7 |  29.4 |  52.9 |  51.0
          Lair |  34.1 |  34.4 |   3.0 |  49.6 |  36.9 | 1690.2
  Orcish Mines |   4.2 |   4.1 |   6.1 |  58.6 |  24.1 | 606.5
         Sewer |   3.9 |   4.0 |   0.0 |  50.4 |  23.1 | 1184.0
               +-------+-------+-------+-------+-------+----------------------

Table legend:
 A = Kills in this place as a percentage of kills in entire the game.
 B = Kills by you in this place as a percentage of kills by you in the entire game.
 C = Kills by friends in this place as a percentage of kills by friends in the entire game.
 D = Other kills in this place as a percentage of other kills in the entire game.
 E = Experience gained in this place as a percentage of experience gained in the entire game.
 F = Experience gained in this place divided by the number of levels of this place that you have seen.
                   A       B       C       D       E      F
               +-------+-------+-------+-------+-------+----------------------
         Total | 100.0 | 100.0 | 100.0 | 100.0 | 100.0 | 3477.9
       Dungeon |  49.2 |  48.7 | 100.0 | 100.0 |  33.2 | 2045.5
          Lair |  33.2 |  33.5 |   0.0 |   0.0 |  59.9 | 7985.7
  Orcish Mines |   9.2 |   9.3 |   0.0 |   0.0 |   6.4 | 2569.0
         Sewer |   8.5 |   8.6 |   0.0 |   0.0 |   0.4 | 349.0
               +-------+-------+-------+-------+-------+----------------------

Skill      XL: |  1  2  3  4  5  6  7  8  9 10 11 12 13 14 |
---------------+-------------------------------------------+-----
Conjurations   | 5 7 8 9 10 12 14 15 16 18 20 21 | 21.1
Air Magic      | 1 2 4 5 |  5.0
Poison Magic   | 1 2 |  2.0
Fighting       | 2 4 5 |  5.3
Spellcasting   | 4 5 7 8 |  8.0
Ice Magic      | 5 |  5.0
Dodging        | 7 10 | 10.2
Charms         | 3 5 |  5.0
Shields        | 1 |  1.3
Stealth        | |  2.4

Action                   |  1- 3 |  4- 6 |  7- 9 | 10-12 | 13-15 || total
-------------------------+-------+-------+-------+-------+-------++-------
Melee: Flail             |       |       |       |     1 |     3 ||     4
 Cast: Magic Dart        |    62 |   116 |   293 |   202 |    51 ||   724
       Searing Ray       |       |       |    53 |    74 |       ||   127
       Dazzling Flash    |       |       |     2 |     2 |     2 ||     6
       Mephitic Cloud    |       |       |     8 |    28 |     5 ||    41
       Freezing Cloud    |       |       |       |    32 |   133 ||   165
       Stone Arrow       |       |       |       |   119 |   249 ||   368
       Swiftness         |       |       |       |       |     1 ||     1
Evoke: Wand              |       |       |       |       |     1 ||     1
  Use: Scroll            |       |       |    12 |    14 |     7 ||    33
       Potion            |       |       |       |     5 |       ||     5
 Stab: Sleeping          |       |       |       |     1 |       ||     1
  Eat: Ration            |     1 |     2 |     6 |     9 |     9 ||    27
Armor: Robe              |     1 |     3 |    15 |    21 |     9 ||    49
Dodge: Dodged            |     4 |    12 |    70 |   113 |    64 ||   263
Block: Other             |       |       |       |       |    11 ||    11

Vanquished Creatures
  Josephine (Orc:1)
  Fannar (D:11)
  6 hydras
  A catoblepas (Lair:5)
  6 death yaks
  3 two-headed ogres
  15 spriggans (Lair:6)
  Sonja (Lair:2)
  A swamp dragon (Lair:2)
  An unseen horror (D:11)
  3 ugly things
  A cyclops (D:12)
  6 elephants
  5 black mambas
  3 gargoyles
  2 rime drakes
  8 cane toads
  6 komodo dragons (Lair:6)
  A queen bee (Orc:1)
  A troll (D:12)
  11 polar bears
  4 hornets (Lair:6)
  3 dream sheep (Lair:6)
  6 blink frogs
  6 hippogriffs
  Sigmund (D:2)
  3 redbacks (Lair:2)
  5 wraiths (Orc:1)
  3 wyverns
  44 yaks
  2 basilisks
  Menkaure (D:5)
  A warg (Orc:1)
  14 water moccasins
  13 porcupines
  4 sky beasts
  5 orc warriors
  4 phantoms
  2 ice beasts
  An eye of draining (D:10)
  7 boggarts (Lair:6)
  26 wolves
  11 ogres
  8 centaurs
  15 crocodiles
  11 bullfrogs
  7 big kobolds
  A wyvern zombie (D:11)
  A wyvern skeleton (D:8)
  3 scorpions
  23 killer bees
  11 wights
  4 howler monkeys
  2 centaur zombies
  2 jellies (D:6)
  A quasit (D:12)
  7 hounds
  3 centaur skeletons
  3 orc priests
  A bullfrog skeleton (D:12)
  6 orc wizards
  5 iguanas
  Natasha (thrice) (D:2)
  12 worker ants
  3 hound zombies
  A worker ant zombie (D:10)
  A howler monkey zombie (D:7)
  15 adders
  3 gnolls (D:7)
  6 river rats (Sewer)
  A shadow imp (D:5)
  A white imp (D:9)
  3 ufetubi
  3 oozes
  5 worms
  A dart slug (D:1)
  A leopard gecko (D:8)
  37 orcs
  6 bats
  7 giant cockroaches
  2 gnoll zombies (D:5)
  4 goblins
  6 hobgoblins
  8 jackals
  5 quokkas
  6 ball pythons
  4 frilled lizards
  31 kobolds
  A quokka skeleton (D:4)
  27 rats
  5 fungi
  11 plants
582 creatures vanquished.

Vanquished Creatures (collateral kills)
  A kobold (D:8)
1 creature vanquished.

Vanquished Creatures (others)
  A bush (Lair:4)
  29 fungi
  11 plants
41 creatures vanquished.

Grand Total: 624 creatures vanquished
